 Dungeon Crawl Stone Soup version 0.28.0 (webtiles) character file.

Game seed: 16366916307038743941

331 AmazingTV the Skirmisher (level 6, -3/53 (56) HPs)
             Began as a Minotaur Fighter on July 1, 2022.
             Slain by a wight (11 damage)
             ... on level 3 of the Dungeon.
             The game lasted 00:09:09 (3364 turns).

AmazingTV the Skirmisher (Minotaur Fighter)         Turns: 3364, Time: 00:09:10

HP:   -3/53 (56)    AC:  9    Str: 20    XL:     6   Next: 26%
MP:   0/5           EV: 13    Int: 11    God:
Gold: 89            SH:  5    Dex: 12    Spells: 5/5 levels left

rFire   . . .      SeeInvis .   b - +2 hand axe (freeze) {axe}
rCold   . . .      Faith    .   c - +0 buckler
rNeg    . . .      Spirit   +   y - +0 scale mail
rPois   .          Reflect  .   (helmet restricted)
rElec   .          Harm     .   i - +1 cloak
rCorr   .          Rampage  .   (no gloves)
Will    .....                   (no boots)
Stlth   ..........              m - amulet of guardian spirit
HPRegen 0.17/turn               j - +6 ring of intelligence
MPRegen 0.09/turn               s - +4 ring of evasion

@: drained
A: horns 2, retaliatory headbutt
a: no special abilities


You were on level 3 of the Dungeon.
You visited 1 branch of the dungeon, and saw 4 of its levels.

You collected 89 gold pieces.


Innate Abilities, Weirdness & Mutations

You have a pair of horns on your head.
You reflexively headbutt those who attack you in melee.


   Skills:
 + Level 5.3 Fighting
 + Level 4.4 Axes
 + Level 5.2 Armour
 + Level 5.2 Shields


You had 5 spell levels left.
You didn't know any spells.
Your spell library contained the following spells:

 Spells                   Type           Power      Damage    Failure   Level
 Animate Skeleton         Necr           0%         N/A       77%         1
 Pain                     Necr           0%         1d4       77%         1
 Ozocubu's Armour         Ice            0%         N/A       98%         3
 Vampiric Draining        Necr           0%         2d6       98%         3
 Ozocubu's Refrigeration  Ice            0%         4d5       100%        7

Inventory:

Hand Weapons
 a - a +0 war axe {axe}
 b - a +2 hand axe of freezing (weapon) {axe}
   (You took it off an orc on level 3 of the Dungeon)
 n - a +0 hunting sling {sling}
   (You found it on level 2 of the Dungeon)
 t - a +0 dagger of speed {short}
   (You took it off a goblin on level 2 of the Dungeon)
 w - a +0 dagger of venom {short}
   (You took it off an orc wizard on level 3 of the Dungeon)
 x - a +0 hand axe {axe}
   (You took it off an orc on level 3 of the Dungeon)
Missiles
 e - 87 stones (quivered)
 f - 22 arrows
 g - 39 bolts
 o - 5 poisoned darts
Armour
 c - a +0 buckler (worn)
 i - a +1 cloak (worn)
   (You found it on level 2 of the Dungeon)
 y - a +0 scale mail (worn)
Jewellery
 j - a +6 ring of intelligence (left hand)
   (You found it on level 1 of the Dungeon)
 m - an amulet of guardian spirit (around neck)
   (You found it on level 1 of the Dungeon)
 s - a +4 ring of evasion (right hand)
   (You took it off a hobgoblin on level 2 of the Dungeon)
Wands
 v - a wand of flame (8)
   (You found it on level 3 of the Dungeon)
Scrolls
 h - 2 scrolls of teleportation {unknown}
 k - a scroll of fog {unknown}
 l - a scroll of enchant weapon {unknown}
 q - 3 scrolls of identify {unknown}
 u - a scroll of blinking {unknown}
Potions
 d - 3 potions of might
 p - a potion of mutation {unknown}
 r - a potion of curing {unknown}
 z - a potion of attraction {unknown}

Dungeon Overview and Level Annotations

Branches:
Dungeon (4/15)
 Temple: D:4-7

Altars:

Shops:
D:1 ( D:3

(
#...#######.#....######
#.### #.####.......
#.#########...#########
#.##......###.#
#.##......###.#########
##.##......#............
#..##........#.#########
#.###.......##.# ## #.#
#..@...###.# #. #.#
#...z..# #.# ##. #.#
#......# #.# ##.. #.#
#......# #.# #..# #.#
#......###.######.##
#.########...........∩<.
#..# #..........#.##
##.# ####...........#
#.## ##............###


You could see a wight.


Message History

You take 1 damage, and now have 49/56 hp.
You slash the iguana! You freeze the iguana. You closely miss the quokka.
A scorpion comes into view.
You block the quokka's attack.
The iguana hisses menacingly.
You block the iguana's attack. The quokka closely misses you.
The iguana bites you. You block the quokka's attack.
The kobold shoots a bolt.
The bolt closely misses you. 😕 HP[-5] MP[-1]
You take 5 damage, and now have 44/56 hp.
You lost 1 mp, and now have 3/5 mp. 😕 HP[+1]
You hit the wight but do no damage. You barely miss the iguana.
The wight hits you with a +2 dagger. The iguana closely misses you. 😕 HP[-2]
You take 2 damage, and now have 43/56 hp.
You hit the wight. You headbutt the wight. You barely miss the iguana.
You block the wight's attack. The iguana closely misses you. 😕 MP[+1]
You hit the wight but do no damage. You barely miss the quokka.
You closely miss the iguana. The wight hits you with a +2 dagger.
You feel drained. The iguana closely misses you.
The quokka bites you but does no damage. 😮 HP[-2]
You now have 55 max hp (-1).
You take 2 damage, and now have 41/55 hp.
You slash the quokka! You freeze the quokka.
You kill the quokka!
You barely miss the iguana. You hit the wight.
The wight hits you with a +2 dagger.
You feel drained. The iguana barely misses you.
The wight barely misses you. 😮 HP[-5] MP[-1]
You now have 53 max hp (-2).
You take 5 damage, and now have 36/53 hp.
You lost 1 mp, and now have 3/5 mp.
You hit the wight but do no damage. Your headbutt misses the wight.
You hit the scorpion but do no damage. You hit the iguana.
The iguana seems to slow down.
You freeze the iguana. The scorpion stings you. The iguana closely misses you.
The wight closely misses you.
You block the scorpion's attack. 😮 HP[-5]
You take 5 damage, and now have 31/53 hp.
You hit the wight.
You destroy the wight!
You hit the iguana but do no damage. You hit the scorpion but do no damage.
The iguana is no longer moving slowly.
The scorpion stings you but does no damage.
You block the iguana's attack.
You now have 55 max hp (+2).
You hit the wight. Your headbutt misses the wight.
You hit the iguana but do no damage. You hit the scorpion.
You freeze the scorpion. You block the scorpion's attack.
The wight barely misses you. You furiously retaliate!
You headbutt the wight, but do no damage.
The iguana bites you but does no damage.
The scorpion stings you but does no damage.
The kobold shoots a bolt.
The bolt barely misses you. The scorpion closely misses you.
You furiously retaliate!
You headbutt the scorpion. 😮 HP[+1]
There is an escape hatch in the ceiling here.
The wight closely misses you. A mysterious force pulls you upwards.
The hatch slams shut behind you. 😮 MP[+1]
You hit the wight. You block the wight's attack.
You hit the wight but do no damage. Your headbutt misses the wight.
The wight hits you with a +3 mace of freezing!
* * * LOW HITPOINT WARNING * * *
You feel drained.
* * * LOW HITPOINT WARNING * * *
The wight freezes you.
* * * LOW HITPOINT WARNING * * *
😨 HP[-10] MP[-2]
You now have 53 max hp (-2).
You take 10 damage, and now have 22/53 hp.
You lost 2 mp, and now have 2/5 mp.
You hit the wight.
You headbutt the wight, but do no damage.
You block the wight's attack.
You hit the wight but do no damage. Your headbutt misses the wight.
The wight barely misses you.
You hit the wight but do no damage. You headbutt the wight.
The wight hits you with a +3 mace of freezing.
* * * LOW HITPOINT WARNING * * *
The wight freezes you.
* * * LOW HITPOINT WARNING * * *
The wight hits you with a +3 mace of freezing!
* * * LOW HITPOINT WARNING * * *
The wight freezes you.
* * * LOW HITPOINT WARNING * * *
😱 HP[-15] MP[-1]
You take 15 damage, and now have 7/53 hp.
MASSIVE DAMAGE!! (PAUSE)
You lost 1 mp, and now have 1/5 mp.
You barely miss the wight. The wight misses you.
You hit the wight but do no damage. Your headbutt misses the wight.
The wight hits you with a +3 mace of freezing!
You die...

Skill      XL: |  1  2  3  4  5 |
---------------+----------------+-----
Fighting       | 4 5 |  5.3
Armour         | 4 5 |  5.2
Axes           | 3 4 |  4.4
Shields        | 4 5 |  5.2

Action                   |  1- 3 |  4- 6 || total
-------------------------+-------+-------++-------
Melee: War axe           |    67 |    62 ||   129
       Headbutt          |     9 |    19 ||    28
       Hand axe          |       |    43 ||    43
Armor: Scale mail        |    35 |    53 ||    88
Dodge: Dodged            |    36 |    60 ||    96
Block: Buckler           |    11 |    38 ||    49

Levels and vault maps discovered:
D:1:      sevenhm_arrival_forest_fort_small_4, layout_basic,
          ebering_ecumenical_altar_box, serial_shops, shop
D:2:      layout_rooms, serial_rivers, chequers_serial_rivers_room_a,
          chequers_serial_rivers_micro_d, chequers_serial_rivers_micro_c,
          chequers_serial_rivers_micro_c, chequers_serial_rivers_small_b,
          chequers_serial_rivers_large_b, grunt_decor_arrowhead,
          grunt_ministairs_3, minmay_tall_x
D:3:      layout_rooms, serial_shops, shop, uniq_natasha
D:4:      layout_cave_pools, lemuel_tele_altar, enter_ossuary_1,
          serial_column_ruins, column_ruins_hut, column_ruins_grid_1,
          column_ruins_open_tiny, column_ruins_open_tiny,
          column_ruins_open_small, column_ruins_columns_corner,
          column_ruins_open_tiny, column_ruins_grid_1, minmay_gold_behind_fungi,
          roderic_serpentine_path

Notes
Turn   | Place    | Note
-------+----------+-------------------------------------------
     0 | D:1      | AmazingTV the Minotaur Fighter began the quest for the Orb.
     0 | D:1      | Reached XP level 1. HP: 19/19 MP: 0/0
     0 | D:1      | magus.rc [v1.9.6]
     6 | D:1      | You fall into a shaft and drop 1 floor!
   156 | D:2      | Reached XP level 2. HP: 10/27 MP: 1/1
   358 | D:2      | Reached skill level 4 in Fighting
   400 | D:2      | Reached skill level 4 in Armour
   423 | D:2      | Reached skill level 3 in Axes
   423 | D:2      | Reached skill level 4 in Shields
   423 | D:2      | Reached XP level 3. HP: 17/33 MP: 2/2
   657 | D:1      | Found a faded altar of an unknown god.
   888 | D:1      | Found Vuotusuo's Weapon Shoppe.
  1427 | D:2      | Reached XP level 4. HP: 29/41 MP: 1/3
  1621 | D:2      | You pick up a book of Necromancy and begin reading...
  1621 | D:2      | You add the spells Pain, Animate Skeleton and Vampiric
                  | Draining to your library.
  1642 | D:2      | You add the spells Ozocubu's Armour and Ozocubu's
                  | Refrigeration to your library.
  2264 | D:3      | Noticed Natasha
  2290 | D:3      | Killed Natasha
  2589 | D:3      | Found Qiostos's Weapon Shop.
  2619 | D:3      | Reached XP level 5. HP: 43/47 MP: 4/4
  2904 | D:3      | Reached skill level 4 in Axes
  3094 | D:3      | Noticed Natasha
  3101 | D:3      | Killed Natasha
  3102 | D:3      | Reached skill level 5 in Fighting
  3107 | D:3      | Reached skill level 5 in Shields
  3178 | D:3      | Reached skill level 5 in Armour
  3224 | D:3      | Noticed Natasha
  3231 | D:3      | Killed Natasha
  3232 | D:3      | Reached XP level 6. HP: 48/56 MP: 5/5
  3362 | D:3      | HP: 11/53 [wight (8)]
  3364 | D:3      | Slain by a wight

Vanquished Creatures
  A wight (D:4)
  An orc priest (D:3)
  Natasha (thrice) (D:3)
  2 orc wizards (D:3)
  4 gnolls (D:2)
  4 adders
  2 dart slugs
  6 orcs (D:3)
  6 ball pythons
  4 bats
  2 endoplasms (D:3)
  3 giant cockroaches
  10 goblins
  3 hobgoblins
  3 quokkas
  2 frilled lizards
  2 kobolds
  3 rats
61 creatures vanquished.

Table legend:
 A = Non-vault XP
 B = Vault XP
 C = Vault XP percentage of total XP
 D = Non-vault monster count
 E = Vault monster count
 F = Vault count percentage of total count
                 A         B        C        D         E       F
            +---------+---------+-------+---------+---------+-------
      Total |     426 |      48 |  10.1 |      54 |       7 |  11.5
            +---------+---------+-------+---------+---------+-------
        D:1 |      20 |       0 |   0.0 |      11 |       0 |   0.0
        D:2 |     104 |      13 |  11.1 |      18 |       6 |  25.0
        D:3 |     243 |      35 |  12.6 |      23 |       1 |   4.2
        D:4 |      59 |       0 |   0.0 |       2 |       0 |   0.0
            +---------+---------+-------+---------+---------+-------

Illustrated notes

Table legend:
 A = Kills in this place as a percentage of kills in entire the game.
 B = Kills by you in this place as a percentage of kills by you in the entire game.
 C = Kills by friends in this place as a percentage of kills by friends in the entire game.
 D = Other kills in this place as a percentage of other kills in the entire game.
 E = Experience gained in this place as a percentage of experience gained in the entire game.
 F = Experience gained in this place divided by the number of levels of this place that you have seen.
                   A       B       C       D       E      F
               +-------+-------+-------+-------+-------+----------------------
         Total | 100.0 | 100.0 |   N/A |   N/A | 100.0 | 118.5
       Dungeon | 100.0 | 100.0 |   N/A |   N/A | 100.0 | 118.5
               +-------+-------+-------+-------+-------+----------------------

Table legend: (Time is in decaauts)
 A = Elapsed time spent in this place.
 B = Non-inter-level travel time spent in this place.
 C = Inter-level travel time spent in this place.
 D = Time resting spent in this place.
 E = Time spent auto-exploring this place.
 F = Levels seen in this place.
 G = Mean time per level.
                   A        B        C        D        E       F      G
               +--------+--------+--------+--------+--------+-----+--------+
         Total |   3470 |   3343 |    127 |   1050 |   1767 |   4 |  867.5 |
       Dungeon |   3470 |   3343 |    127 |   1050 |   1767 |   4 |  867.5 |
               +--------+--------+--------+--------+--------+-----+--------+

Top non-repeatable levels by time:
     D:2: 1749 daAuts
     D:3: 904 daAuts
     D:1: 790 daAuts
     D:4: 25 daAuts
